 Dungeon Crawl Stone Soup version 0.29-a0-297-g7659ce593d (webtiles) character file.

Game seed: 16370826717379400620

85997 kae the Arsonist (level 15, -1/96 HPs)
             Began as a Tengu Fire Elementalist on Mar 20, 2022.
             Was an Elder of Vehumet.
             Shot with a bolt by a vault guard (14 damage)
             ... on level 13 of the Dungeon.
             The game lasted 00:48:07 (44879 turns).

kae the Arsonist (Tengu Fire Elementalist)         Turns: 44879, Time: 00:48:08

Health: -1/96      AC: 18    Str: 14    XL:     15   Next: 85%
Magic:  21/30      EV: 18    Int: 23    God:    Vehumet [****..]
Gold:   1765       SH:  0    Dex: 11    Spells: 17/34 levels left

rFire   . . .      SeeInvis .   J - +9 dagger "Zoffumoxt" {spect, rC++ Str+6 Dex-4}
rCold   + + .      Faith    .   (no shield)
rNeg    . . .      Spirit   .   G - +0 acid dragon scales
rPois   .          Reflect  .   N - +2 hat {Will+}
rElec   .          Harm     .   (no cloak)
rCorr   +          Rampage  .   E - +2 pair of gloves
Will    ++...                   (boots unavailable)
Stlth   +++.......              e - amulet "Kaent" {RegenMP rCorr}
HPRegen 0.26/turn               j - +4 ring of protection
MPRegen 0.62/turn               w - ring of wizardry

@: flying quickly and evasively, quick
A: beak, talons 3, nimble flight
a: Renounce Religion


You were on level 13 of the Dungeon.
You worshipped Vehumet.
Vehumet was greatly pleased with you.
You visited 4 branches of the dungeon, and saw 21 of its levels.
You also visited: Ice Cave.

You collected 1982 gold pieces.
You spent 217 gold pieces at shops.

Inventory:

Hand Weapons
 m - a +1 dagger of electrocution
 B - a +4 falchion of draining
 J - the +9 dagger "Zoffumoxt" (weapon) {spect, rC++ Str+6 Dex-4}
   (You bought it in a shop on level 11 of the Dungeon)

   When its wielder attacks, the weapon's spirit leaps out and strikes again.
   The spirit shares a part of any damage it takes with its wielder.
   Str:       It affects your strength (+6).
   Dex:       It affects your dexterity (-4).
   rC:        It greatly protects you from cold.
Armour
 p - the +5 scale mail of Space {+Blink Regen+ Str-5 Dex-3}
   (You found it on level 4 of the Dungeon)

   Str:       It affects your strength (-5).
   Dex:       It affects your dexterity (-3).
   +Blink:    It lets you blink.
   Regen:     It increases your rate of health regeneration.
 x - the +1 robe "Efel" {+Inv Will- Str+3}
   (You found it on level 6 of the Dungeon)

   Str:       It affects your strength (+3).
   +Inv:      It lets you turn invisible.
   Will:      It decreases your willpower.
 E - a +2 pair of gloves (worn)
 G - +0 acid dragon scales (worn)
 N - a +2 hat of willpower (worn)
Magical Staves
 f - a staff of fire
Jewellery
 a - a ring of fire
 e - the amulet "Kaent" (around neck) {RegenMP rCorr}
   (You found it in an ice cave)

   [amulet of magic regeneration]

   It increases your rate of magic regeneration.
   rCorr:     It protects you from acid and corrosion.
 j - a +4 ring of protection (left hand)
 n - a ring of ice
 v - an amulet of guardian spirit
 w - a ring of wizardry (right hand)
 A - an amulet of faith
 K - a ring of wizardry
 S - a +6 ring of intelligence
 T - a +6 ring of intelligence
 U - a ring of protection from fire
 X - a ring of fire
Wands
 r - a wand of acid (10)
 y - a wand of flame (35)
 F - a wand of iceblast (3)
 H - a wand of mindburst (18)
 P - a wand of polymorph (1)
 R - a wand of digging (9)
 V - a wand of charming (6)
Scrolls
 c - 6 scrolls of teleportation
 d - a scroll of identify
 g - a scroll of summoning
 q - 3 scrolls of enchant armour
 C - 2 scrolls of fog
 I - 2 scrolls of amnesia
 L - 2 scrolls of holy word
 M - 2 scrolls of magic mapping
 O - 2 scrolls of fear
Potions
 b - 2 potions of magic
 h - a potion of haste
 i - 7 potions of degeneration
 k - 4 potions of resistance
 l - 6 potions of curing
 o - 2 potions of might
 s - 4 potions of attraction
 t - 3 potions of cancellation
 u - 2 potions of flight
 z - 3 potions of ambrosia
 D - 2 potions of brilliance
 Q - a potion of lignification
 W - a potion of mutation {unknown}


   Skills:
 - Level 12.0 Fighting
 - Level 12.0 Short Blades
 - Level 11.0 Armour
 - Level 11.1 Dodging
 + Level 5.7 Stealth
 - Level 10.0 Spellcasting
 - Level 10.0 Conjurations
 - Level 12.0 Fire Magic
 + Level 6.5 Evocations


You had 17 spell levels left.
You knew the following spells:

 Your Spells              Type           Power      Damage    Failure   Level
a - Foxfire               Conj/Fire      100%       2x1d9     1%          1
b - Scorch                Fire           100%       2d10      1%          2
c - Conjure Flame         Conj/Fire      58%        6-21      1%          3
d - Inner Flame           Hex/Fire       39%        N/A       1%          3
e - Flame Wave            Conj/Fire      58%        2d11      1%          4
f - Sticky Flame          Conj/Fire      58%        2d7       1%          4

Your spell library contained the following spells:

 Spells                   Type           Power      Damage    Failure   Level
 Fulminant Prism          Conj/Hex       17%        3d11      1%          4
 Static Discharge         Conj/Air       34%        N/A       1%          2
 Hailstorm                Conj/Ice       34%        3d9       1%          4
 Frozen Ramparts          Ice            22%        1d4       2%          3
 Ensorcelled Hibernation  Hex/Ice        22%        N/A       4%          2
 Call Canine Familiar     Summ           11%        N/A       9%          3
 Ozocubu's Armour         Ice            11%        N/A       9%          3
 Portal Projectile        Hex/Tloc       22%        N/A       9%          3
 Spider Form              Tmut/Pois      11%        N/A       9%          3
 Tukima's Dance           Hex            11%        N/A       9%          3
 Olgreb's Toxic Radiance  Pois           11%        N/A       9%          4
 Anguish                  Hex/Necr       5%         N/A       28%         4
 Dispel Undead            Necr           11%        3d9       28%         4
 Ice Form                 Ice/Tmut       11%        N/A       28%         4
 Leda's Liquefaction      Hex/Erth       5%         N/A       28%         4
 Passage of Golubria      Tloc           11%        N/A       28%         4
 Summon Ice Beast         Ice/Summ       11%        N/A       28%         4
 Ignition                 Fire           30%        3d10      32%         8
 Metabolic Englaciation   Hex/Ice        5%         N/A       58%         5
 Silence                  Hex/Air        5%         N/A       58%         5
 Summon Mana Viper        Hex/Summ       11%        N/A       58%         5
 Simulacrum               Ice/Necr       5%         N/A       98%         6
 Summon Cactus Giant      Summ           5%         N/A       98%         6
 Ozocubu's Refrigeration  Ice            5%         4d6       98%         7
 Lehudib's Crystal Spear  Conj/Erth      17%        10d5      98%         8
 Enfeeble                 Hex            5%         N/A       100%        7
 Malign Gateway           Summ/Tloc      5%         N/A       100%        7
 Monstrous Menagerie      Summ           5%         N/A       100%        7


Dungeon Overview and Level Annotations

Branches:
Dungeon (13/15)            Temple (1/1) D:4            Lair (6/6) D:9
 Shoals (0/4) Lair:2       Spider (0/4) Lair:4        Slime (0/5) Lair:5
    Orc (1/2) D:9           IceCv (visited)
 Vaults: D:13-14

Altars:
Ashenzari
Cheibriados
Dithmenos
Elyvilon
Fedhas
Gozag
Hepliaklqana
Kikubaaqudgha
Makhleb
Nemelex Xobeh
Okawaru
Qazlal
Ru
Sif Muna
Trog
Uskayaw
Vehumet
Wu Jian
Xom
Yredelemnul
Zin
The Shining One

Shops:
D:11 (

Annotations:
D:6 exclusion: acid dragon
D:10 exclusion: statue
D:11 exclusion: boulder beetle
D:12 exclusion: manticore


Innate Abilities, Weirdness & Mutations

You have a beak for a mouth.
You have claws for feet.
Your magical nature lets you fly swiftly and evasively.


Message History

Casting: Scorch (safe; 1% risk of failure)
Confirm with . or Enter, or press ? or * to list all spells.
Flames lash the vault guard.
The vault guard is burned terribly!
The vault guard is heavily wounded.
The vault guard shoots a bolt.
The bolt hits you but does no damage.
The vault guard shoots a bolt.
The bolt hits you.
Casting: Scorch (safe; 1% risk of failure)
Confirm with . or Enter, or press ? or * to list all spells.
Flames lash the vault guard.
The vault guard is burned terribly!
The vault guard is heavily wounded.
The vault guard shoots a bolt.
The bolt hits you.
Casting: Scorch (safe; 1% risk of failure)
Confirm with . or Enter, or press ? or * to list all spells.
Flames lash the vault guard but do no damage.
The vault guard shoots a bolt.
The bolt hits you but does no damage.
The vault guard shoots a bolt.
The bolt completely misses you.
Casting: Scorch (safe; 1% risk of failure)
Confirm with . or Enter, or press ? or * to list all spells.
Flames lash the vault guard.
The vault guard is burned terribly!
The vault guard is heavily wounded.
You hear a shout!
The vault guard shoots a bolt.
The bolt hits you!
Casting: Scorch (safe; 1% risk of failure)
Confirm with . or Enter, or press ? or * to list all spells.
Flames lash the vault guard but do no damage.
The vault guard shoots a bolt.
The bolt hits you!!
Casting: Scorch (safe; 1% risk of failure)
Confirm with . or Enter, or press ? or * to list all spells.
Flames lash the vault guard.
The vault guard is burned terribly!
The vault guard is severely wounded.
The vault guard shoots a bolt.
The bolt closely misses you.
The vault guard shoots a bolt.
The bolt hits you!!
* * * LOW HITPOINT WARNING * * *
Casting: Scorch (safe; 1% risk of failure)
Confirm with . or Enter, or press ? or * to list all spells.
Flames lash the vault guard but do no damage.
The vault guard shoots a bolt.
The bolt hits you!
* * * LOW HITPOINT WARNING * * *
The vault guard shoots a bolt.
The bolt hits you!
You die...

###p'.p..p. #.......##
....#+#+#+# ########.#####...
....# #................
....########### ########...####..
..............# ###.####...#
...........>..# #...# #..###
..............# #.#.###.#...
##...#........########.#.##..#...
...###........p.@).>......)[.....
.### #........p##...####.###.####
## ##.....#####.### #.###.####
.### ###..## #.# #.#......#
...### #..## #.# ####....#####
##...###.########.###.....###
...####..###...........#.## .###
#..##...#####..####.# ##
#.....#######.## #.#


You could see a vault guard (combustible) and a human.

Vanquished Creatures
  Gastronok (D:11)
  Kirke (D:12)
  A white draconian (IceCv)
  2 vault guards (D:13)
  6 catoblepae
  6 hydras
  3 boulder beetles
  A death knight (D:12)
  2 centaur warriors (D:13)
  4 two-headed ogres
  An alligator (Lair:4)
  11 death yaks
  Urug (Lair:5)
  Sonja (D:11)
  4 skeletal warriors
  A spriggan (Lair:1)
  A phantasmal warrior (D:12)
  2 lindwurms
  A deep elf pyromancer (D:13)
  An ugly thing (D:10)
  2 wolf spiders
  A cyclops (D:12)
  4 manticores
  A merfolk siren (Lair:2)
  2 ice statues (IceCv)
  4 black mambas
  29 elephants
  11 cane toads
  An unseen horror (D:12)
  A demonic crawler (Lair:4)
  9 komodo dragons
  6 rime drakes
  2 freezing wraiths (D:12)
  4 trolls
  3 hornets
  2 polar bears (D:10)
  31 blink frogs
  5 slime creatures
  Sigmund (D:6)
  3 centaur simulacra (D:10)
  A shadow (D:12)
  6 humans
  A wraith (D:12)
  4 wyverns
  Eustachio (D:6)
  4 hogs (D:10)
  62 yaks
  8 basilisks
  2 steam dragons
  Duvessa (D:6)
  5 acid dragons
  14 water moccasins
  6 ice beasts
  6 orc warriors
  3 black bears
  2 ogres (D:6)
  7 centaurs
  30 wolves
  2 phantoms
  4 kobold brigands
  13 bullfrogs
  5 necrophages
  3 gnoll sergeants
  3 scorpions
  12 jellies
  15 wights
  Dowan (D:6)
  4 lindwurm simulacra (IceCv)
  16 killer bees
  3 howler monkeys (D:9)
  3 electric eels
  4 komodo dragon simulacra (IceCv)
  2 hounds
  4 orc priests
  A human zombie (D:4)
  2 gnoll shamans
  2 iguanas (D:5)
  11 orc wizards
  A hound zombie (D:4)
  2 mummies (D:4)
  22 gnolls
  6 acid dragon simulacra (IceCv)
  12 adders
  2 shadow imps
  3 white imps
  A howler monkey simulacrum (D:10)
  2 ufetubi
  7 steam dragon simulacra (IceCv)
  3 adder zombies (D:4)
  4 worms
  5 dart slugs
  29 orcs
  5 ball pythons
  8 bats
  6 endoplasms
  5 giant cockroaches
  10 goblins
  7 hobgoblins
  3 jackals (D:2)
  15 kobolds
  4 quokkas
  A frilled lizard (D:3)
  A quokka zombie (D:4)
  3 rats
  A spectral kobold (D:7)
614 creatures vanquished.

Vanquished Creatures (others)
  7 humans
  989 foxfires
  45 fungi
  72 plants
1113 creatures vanquished.

Grand Total: 1727 creatures vanquished

Notes
Turn   | Place    | Note
-------+----------+-------------------------------------------
     0 | D:1      | kae the Tengu Fire Elementalist began the quest for the
                  | Orb.
     0 | D:1      | Reached XP level 1. HP: 10/10 MP: 4/4
   461 | D:1      | Reached XP level 2. HP: 7/16 MP: 3/6
  1005 | D:1      | Learned a level 2 spell: Scorch
  1315 | D:2      | Reached XP level 3. HP: 16/20 MP: 2/7
  1395 | D:2      | Reached skill level 1 in Fighting
  2114 | D:2      | Reached XP level 4. HP: 25/25 MP: 3/8
  2544 | D:3      | Found a sacrificial altar of Ru.
  2631 | D:3      | Found a faded altar of an unknown god.
  3064 | D:3      | Found a glowing silver altar of Zin.
  3458 | D:4      | Identified the +5 scale mail of Space {+Blink Regen+ Str-5
                  | Dex-3}
  3488 | D:4      | Gained mutation: Your magical nature lets you fly swiftly
                  | and evasively. [Tengu growth]
  3488 | D:4      | Reached XP level 5. HP: 30/30 MP: 3/10
  3937 | D:4      | Found a staircase to the Ecumenical Temple.
  3979 | Temple   | Entered the Ecumenical Temple
  4196 | D:4      | Reached skill level 5 in Fire Magic
  4196 | D:4      | Reached XP level 6. HP: 4/35 MP: 0/11
  4906 | D:4      | Found an ancient bone altar of Kikubaaqudgha.
  4957 | D:4      | Learned a level 3 spell: Conjure Flame
  4961 | D:4      | Learned a level 3 spell: Inner Flame
  5108 | D:4      | Reached XP level 7. HP: 40/40 MP: 5/13
  5314 | D:5      | Entered Level 5 of the Dungeon
  5797 | D:5      | Reached skill level 5 in Conjurations
  6351 | D:5      | Noticed a hornet
  6362 | D:5      | Killed a hornet
  6363 | D:5      | Reached XP level 8. HP: 15/48 MP: 4/15
  7179 | D:6      | Noticed Sigmund
  7226 | D:6      | Identified the +1 robe "Efel" {+Inv Will- Str+3}
  7354 | D:6      | Killed Sigmund
  7668 | D:6      | Noticed Eustachio
  7674 | D:6      | Killed Eustachio
  7675 | D:6      | Reached skill level 5 in Spellcasting
  7675 | D:6      | Reached XP level 9. HP: 25/53 MP: 3/17
  7864 | D:6      | Noticed Dowan
  7873 | D:6      | Noticed Duvessa
  7879 | D:6      | Killed Duvessa
  7880 | D:6      | Reached skill level 5 in Fighting
  8053 | D:6      | Killed Dowan
  8763 | D:6      | Found a burning altar of Makhleb.
  8765 | D:6      | Found a stormy altar of Qazlal.
  8768 | D:6      | Found a bloodstained altar of Trog.
  8769 | D:6      | Found a sparkling altar of Nemelex Xobeh.
  8774 | D:6      | Found a snail-covered altar of Cheibriados.
  9019 | D:6      | Noticed a troll
  9462 | D:6      | Killed a troll
  9727 | D:6      | Reached skill level 10 in Fire Magic
 10096 | D:7      | Reached XP level 10. HP: 60/60 MP: 9/19
 10255 | D:7      | Got the Collected Works on the Voyage and Enchantment
 10812 | D:7      | Found a flagged portal.
 11117 | D:7      | Found a hazy altar of Hepliaklqana.
 13368 | D:8      | Learned a level 4 spell: Flame Wave
 13561 | D:9      | Reached XP level 11. HP: 62/67 MP: 9/22
 13752 | D:8      | Reached skill level 10 in Conjurations
 14140 | D:8      | Reached skill level 1 in Armour
 14524 | D:9      | You are sucked into a shaft and drop 3 floors!
 14667 | D:12     | Noticed a manticore
 14668 | D:12     | Noticed a boulder beetle
 14924 | D:12     | Noticed Kirke
 15167 | D:12     | Killed Kirke
 15404 | D:12     | Noticed a cyclops
 15521 | D:12     | Killed a cyclops
 15734 | D:12     | Reached skill level 5 in Dodging
 15779 | D:12     | Noticed a manticore
 15784 | D:12     | Killed a manticore
 16025 | D:11     | Noticed a two-headed ogre
 16031 | D:11     | Killed a two-headed ogre
 16032 | D:11     | Reached skill level 5 in Armour
 16271 | D:10     | Entered Level 10 of the Dungeon
 16326 | D:10     | Found an iron altar of Okawaru.
 16380 | D:9      | Found a staircase to the Lair.
 17860 | D:9      | Found a staircase to the Orcish Mines.
 18645 | Orc:1    | Entered Level 1 of the Orcish Mines
 18820 | D:10     | Reached XP level 12. HP: 60/73 MP: 13/23
 20051 | D:10     | Identified the +5 ring mail "Yvyunat" {+Inv rC- Str+2}
 20080 | D:10     | Found an opulent altar of Gozag.
 20284 | D:10     | Found a radiant altar of Vehumet.
 20662 | D:10     | Became a worshipper of Vehumet
 20725 | D:11     | Noticed a two-headed ogre
 20945 | D:11     | Killed a two-headed ogre
 21161 | D:11     | Found Beeray's Antique Weapon Boutique.
 21170 | D:11     | Bought a steaming dagger for 217 gold pieces
 21170 | D:11     | Identified the +9 dagger "Zoffumoxt" {spect, rC++ Str+6
                  | Dex-4} (You bought it in a shop on level 11 of the Dungeon)
 21369 | D:11     | Noticed Sonja
 21372 | D:11     | Killed Sonja
 21435 | D:11     | Killed a boulder beetle
 21749 | D:11     | Noticed a boulder beetle
 21790 | D:11     | Killed a boulder beetle
 21928 | D:11     | Noticed Gastronok
 21943 | D:11     | Killed Gastronok
 22291 | D:11     | Reached skill level 10 in Dodging
 22767 | Lair:1   | Entered Level 1 of the Lair of Beasts
 23225 | D:9      | Reached skill level 1 in Short Blades
 23231 | D:9      | Reached skill level 10 in Armour
 23231 | D:9      | Reached skill level 1 in Evocations
 23552 | D:9      | Found a staircase to the Lair.
 23661 | D:9      | Reached XP level 13. HP: 66/78 MP: 10/24
 24238 | D:9      | Found a staircase to the Orcish Mines.
 25031 | D:9      | Reached * piety under Vehumet
 25031 | D:9      | Offered knowledge of Shock by Vehumet.
 25177 | D:9      | Learned a level 4 spell: Sticky Flame
 27487 | Lair:2   | Offered knowledge of Searing Ray by Vehumet.
 27492 | Lair:2   | Reached ** piety under Vehumet
 28494 | Lair:2   | Found a staircase to the Shoals.
 29314 | Lair:3   | Reached skill level 10 in Fighting
 29333 | Lair:3   | Reached XP level 14. HP: 55/88 MP: 12/27
 30267 | Lair:4   | Offered knowledge of Dazzling Flash by Vehumet.
 30472 | Lair:4   | Found a hole to the Spider Nest.
 31680 | Lair:4   | Reached skill level 10 in Spellcasting
 32147 | Lair:5   | Reached skill level 5 in Short Blades
 32151 | Lair:4   | HP: 4/88 [poisoned by a black mamba]
 32152 | Lair:4   | Reached *** piety under Vehumet
 32707 | Lair:5   | Found an ancient bone altar of Kikubaaqudgha.
 33263 | Lair:5   | Noticed Urug
 33310 | Lair:5   | Killed Urug
 33648 | Lair:5   | Found a staircase to the Slime Pits.
 33664 | Lair:5   | Offered knowledge of Olgreb's Toxic Radiance by Vehumet.
 33911 | Lair:6   | Entered Level 6 of the Lair of Beasts
 34279 | Lair:6   | Found a frozen archway.
 34283 | IceCv    | Entered an ice cave
 35102 | IceCv    | Reached **** piety under Vehumet
 35290 | IceCv    | Noticed a white draconian
 35605 | IceCv    | Killed a white draconian
 35747 | IceCv    | Identified the amulet "Kaent" {RegenMP rCorr}
 35799 | IceCv    | Offered knowledge of Irradiate by Vehumet.
 36745 | Lair:5   | HP: 4/90 [poisoned by a cane toad]
 37756 | Lair:6   | Reached XP level 15. HP: 45/95 MP: 28/30
 38071 | Lair:6   | Reached skill level 10 in Short Blades
 38450 | Lair:6   | Reached ***** piety under Vehumet
 38973 | Lair:5   | Offered knowledge of Fulminant Prism by Vehumet.
 41606 | D:13     | Reached skill level 5 in Evocations
 44112 | D:13     | Reached skill level 5 in Stealth
 44879 | D:13     | Shot with a bolt by a vault guard

Illustrated notes

Levels and vault maps discovered:
D:1:      minmay_arrival_nine_rooms, layout_loops_ring
D:2:      minmay_spotlight, layout_basic
D:3:      layout_loops_ring, zin_statuary, mainiacjoe_overflow_chevrons,
          chequers_ecumenical_altar_island
D:4:      layout_gridville, lemuel_mausoleum_altar_kikubaaqudgha,
          minmay_temple_entry_glass
D:5:      layout_cave_pods
D:6:      minmay_clustersquares, layout_layer_cave, minitemple, uniq_duvessa,
          uniq_sigmund, uniq_eustachio
D:7:      layout_loops_ring, nicolae_hepliaklqana_monster_ancestors,
          enter_bailey_4, minmay_misc_feat_doors, minmay_unpleasant_kobolds
D:8:      layout_basic, serial_bayou_pond_b, minivault_1
D:9:      layout_grid_maze, david_lair_generic, nicolae_figureground_pulse
D:10:     layout_irregular_city, vehumet_statue, mainiacjoe_overflow_alcove_4,
          mainiacjoe_overflow_small_starburst, serial_ice, serial_ice_a,
          serial_ice_o, serial_ice_f, serial_ice_m, serial_ice_d, serial_ice_i,
          serial_ice_n, grunt_livestock, roderic_serpentine_path
D:11:     layout_small_grid, serial_shops, nicolae_shop_crystal,
          hangedman_decor_growths, minmay_microvault, uniq_gastronok, uniq_sonja
D:12:     layout_roguey, uniq_kirke
D:13:     layout_rooms, ximxim_vaults_locker_room, serial_curves,
          eino_curves_04, eino_curves_03, kennysheep_small_circle
Temple:   compressed_dpeg_circular_temple
Lair:1:   layout_regular_city, chequers_serial_rivers_room_b, st_stairs_6,
          chequers_serial_rivers_room_b, grunt_forest_large_clearings
Lair:2:   layout_hall_layers, minmay_shoals_entry_lonely_mermaid,
          infiniplex_staircase_pool_2
Lair:3:   layout_roguey, serial_bayou_shore_a
Lair:4:   layout_loops_ring, nicolae_spider_entry_non_spiders,
          grunt_forest_large_clearing_hut
Lair:5:   layout_regular_city, minmay_slime_entry_jelly_boxes,
          lemuel_centaur_altar, uniq_urug
Lair:6:   evilmike_catoblepas_cave, layout_gridlike,
          nicolae_volcano_entry_vermiform, portal_ice_cave_entry_pillars_2
Orc:1:    layout_caves, biasface_ghost_orc_armoury, guppyfry_orc_lava_fort

Skill      XL: |  1  2  3  4  5  6  7  8  9 10 11 12 13 14 15 |
---------------+----------------------------------------------+-----
Conjurations   | 2 3 4 5 6 8 9 10 | 10.0
Fighting       | 1 2 3 4 6 7 8 10 11 12 | 12.0
Fire Magic     | 4 5 7 8 10 11 12 | 12.0
Spellcasting   | 3 4 5 7 8 10 | 10.0
Armour         | 6 10 11 | 11.0
Dodging        | 7 10 11 | 11.1
Short Blades   | 2 4 9 12 | 12.0
Evocations     | 1 4 6 |  6.5
Stealth        | 5 |  5.7

Action                   |  1- 3 |  4- 6 |  7- 9 | 10-12 | 13-15 || total
-------------------------+-------+-------+-------+-------+-------++-------
Melee: Unarmed           |    22 |       |       |       |       ||    22
       Kick              |     3 |       |       |    17 |   283 ||   303
       Peck              |     4 |     1 |       |    12 |   200 ||   217
       Dagger            |       |     2 |     2 |    27 |   477 ||   508
       Punch             |       |       |     1 |     2 |     8 ||    11
       Falchion          |       |       |       |    21 |       ||    21
 Cast: Foxfire           |    57 |    46 |    93 |   227 |   183 ||   606
       Scorch            |    11 |    51 |    98 |   335 |   471 ||   966
       Conjure Flame     |       |     1 |     6 |    19 |    19 ||    45
       Inner Flame       |       |       |     3 |    22 |    18 ||    43
       Flame Wave        |       |       |       |     1 |       ||     1
       Sticky Flame      |       |       |       |       |   157 ||   157
Evoke: Wand              |       |       |       |     7 |     5 ||    12
  Use: Scroll            |     1 |     8 |     7 |    20 |     6 ||    42
       Potion            |       |       |       |       |     5 ||     5
 Stab: Distracted        |       |       |       |       |     4 ||     4
       Petrified         |       |       |       |       |     3 ||     3
Armor: Robe              |     3 |     8 |    30 |    43 |       ||    84
       Acid dragon scale |       |       |       |   168 |   597 ||   765
Dodge: Dodged            |    25 |    33 |    70 |   468 |  1286 ||  1882

Table legend: (Time is in decaauts)
 A = Elapsed time spent in this place.
 B = Non-inter-level travel time spent in this place.
 C = Inter-level travel time spent in this place.
 D = Time resting spent in this place.
 E = Time spent auto-exploring this place.
 F = Levels seen in this place.
 G = Mean time per level.
                   A        B        C        D        E       F      G
               +--------+--------+--------+--------+--------+-----+--------+
         Total |  43341 |  42045 |   1296 |  12235 |  22908 |  22 | 1970.0 |
       Dungeon |  28412 |  27519 |    893 |   6866 |  16125 |  13 | 2185.5 |
        Temple |     77 |     68 |      9 |      0 |     60 |   1 |   77.0 |
          Lair |  13222 |  12829 |    393 |   4316 |   6473 |   6 | 2203.7 |
  Orcish Mines |      1 |      1 |      0 |      0 |      0 |   1 |    1.0 |
      Ice Cave |   1627 |   1627 |      0 |   1052 |    248 |   1 | 1627.0 |
               +--------+--------+--------+--------+--------+-----+--------+

Top non-repeatable levels by time:
     D:9: 4705 daAuts
  Lair:6: 3626 daAuts
    D:12: 3479 daAuts
  Lair:5: 2969 daAuts
     D:6: 2855 daAuts
    D:10: 2629 daAuts
     D:8: 2627 daAuts
  Lair:4: 2135 daAuts
  Lair:1: 2094 daAuts
    D:11: 2028 daAuts
    D:13: 1971 daAuts
     D:5: 1659 daAuts
   IceCv: 1627 daAuts
     D:4: 1531 daAuts
  Lair:2: 1364 daAuts
